 Dungeon Crawl Stone Soup version 0.29-a0-284-gf9362112df (webtiles) character file.

Game seed: 17714734629652465042

382 siradein the Grave Robber (level 6, 0/61 HPs)
             Began as an Ogre Necromancer on Mar 23, 2022.
             Slain by a killer bee (1 damage)
             ... on level 3 of the Dungeon.
             The game lasted 00:11:35 (4837 turns).

siradein the Grave Robber (Ogre Necromancer)        Turns: 4837, Time: 00:11:36

Health: 0/61       AC:  5    Str: 13    XL:     6   Next: 76%
Magic:  2/11       EV: 10    Int: 18    God:
Gold:   106        SH:  0    Dex:  9    Spells: 4/12 levels left

rFire   + . .      SeeInvis .   a - +3 mace
rCold   . . .      Faith    .   (no shield)
rNeg    . . .      Spirit   .   l - +2 robe {rF+}
rPois   .          Reflect  .   (helmet restricted)
rElec   .          Harm     .   (no cloak)
rCorr   .          Rampage  .   (gloves unavailable)
Will    .....                   (boots unavailable)
Stlth   +.........              (no amulet)
HPRegen 0.20/turn               n - ring of flight
MPRegen 0.12/turn               (no ring)

@: lethally poisoned (0 -> -5), flying
A: large, unfitting armour, tough skin 1
a: no special abilities


You were on level 3 of the Dungeon.
You visited 1 branch of the dungeon, and saw 4 of its levels.

You collected 106 gold pieces.

Inventory:

Hand Weapons
 a - a +3 mace (weapon)
Armour
 l - a +2 robe of fire resistance (worn)
Jewellery
 n - a ring of flight (left hand)
Scrolls
 d - 2 scrolls of identify {unknown}
 f - a scroll of enchant weapon {unknown}
 g - a scroll of noise {unknown}
 m - a scroll of holy word {unknown}
 o - a scroll of fog {unknown}
 p - a scroll of teleportation {unknown}
 q - a scroll of torment {unknown}
Potions
 b - a potion of magic
 c - a potion of berserk rage {unknown}
 e - 2 potions of brilliance {unknown}
 h - 2 potions of attraction {unknown}
 i - a potion of might {unknown}
 j - 2 potions of haste {unknown}
 k - 2 potions of mutation {unknown}


   Skills:
 + Level 3.5 Fighting
 + Level 1.7 Maces & Flails
 + Level 3.0 Dodging
 - Level 1.4 Stealth
 + Level 3.8 Spellcasting
 * Level 5.1 Necromancy


You had 4 spell levels left.
You knew the following spells:

 Your Spells              Type           Power      Damage    Failure   Level
a - Vampiric Draining     Necr           22%        2d7       5%          3
b - Animate Dead          Necr           11%        N/A       19%         4
c - Pain                  Necr           88%        1d8       1%          1

Your spell library contained the following spells:

 Spells                   Type           Power      Damage    Failure   Level
 Animate Skeleton         Necr           44%        N/A       1%          1
 Agony                    Necr           22%        N/A       45%         5


Dungeon Overview and Level Annotations

Branches:
Dungeon (4/15)
 Temple: D:4-7

Altars:

Shops:
D:3 *


Innate Abilities, Weirdness & Mutations

You are too large for most types of armour.
You have tough skin. (AC +1)


Message History

Confirm with . or Enter, or press ? or * to list all spells.
Aiming: Vampiric Draining (dangerous; 5% risk of failure)
Press: ? - help, Shift-Dir - straight line, f/p - killer bee
Aim: a killer bee (heavily wounded)
You draw life force from the killer bee!
You feel life coursing into your body.
You feel very sick. The killer bee closely misses you.
The killer bee stings you but does no damage.
The killer bee barely misses you.
The killer bee stings you but does no damage.
Casting: Vampiric Draining (dangerous; 5% risk of failure)
Confirm with . or Enter, or press ? or * to list all spells.
Aiming: Vampiric Draining (dangerous; 5% risk of failure)
Press: ? - help, Shift-Dir - straight line, f/p - killer bee
Aim: a killer bee (almost dead)
You draw life force from the killer bee!
You kill the killer bee!
You feel very sick. The killer bee barely misses you. x2
Your Dodging skill increases to level 3!
Unknown command.
You hit the killer bee.
The killer bee is moderately wounded.
You feel very sick.
The killer bee stings you but does no damage.
The killer bee closely misses you.
The killer bee stings you but does no damage.
You closely miss the killer bee.
The killer bee is moderately wounded.
You feel very sick. The killer bee barely misses you.
The killer bee stings you.
* * * LOW HITPOINT WARNING * * *
The killer bee stings you!
* * * LOW HITPOINT WARNING * * *
You miss the killer bee.
The killer bee is moderately wounded.
* * * LOW HITPOINT WARNING * * *
You feel sick. The killer bee stings you.
You die...

#..### #.#
######..#####.#
#........>....#
#.####..#####.#
#.# #..#####.#
#.# #........#
#.#
##.#####.####
#.#
#..........#
#@#
#.......##.#
#y#
######..##..
#.# #...... #.#
##.####
#.###########.#
#..[...[......#
###############


You could see a killer bee.

Vanquished Creatures
  A killer bee (D:3)
  An orc priest (D:3)
  Natasha (thrice) (D:2)
  Terence (D:2)
  2 orc wizards (D:3)
  4 gnolls
  4 adders
  An ufetubus (D:3)
  2 worms
  2 dart slugs
  9 orcs
  4 bats (D:1)
  7 endoplasms
  2 giant cockroaches
  3 goblins
  5 hobgoblins
  6 jackals
  3 quokkas
  3 ball pythons
  2 frilled lizards
  2 kobolds
  A rat (D:2)
68 creatures vanquished.

Vanquished Creatures (others)
  A fungus (D:1)
  A plant (D:1)
2 creatures vanquished.

Grand Total: 70 creatures vanquished

Notes
Turn   | Place    | Note
-------+----------+-------------------------------------------
     0 | D:1      | siradein the Ogre Necromancer began the quest for the Orb.
     0 | D:1      | Reached XP level 1. HP: 16/16 MP: 3/3
   219 | D:1      | Reached XP level 2. HP: 19/26 MP: 1/5
   442 | D:1      | Reached skill level 1 in Fighting
  1025 | D:1      | Found a faded altar of an unknown god.
  1235 | D:1      | HP: 1/27 [gnoll/+0 flail (6)]
  1240 | D:1      | Reached skill level 4 in Necromancy
  1240 | D:1      | Reached XP level 3. HP: 1/33 MP: 0/7
  1985 | D:2      | Reached XP level 4. HP: 7/42 MP: 0/8
  2238 | D:2      | Learned a level 3 spell: Vampiric Draining
  2262 | D:2      | Learned a level 4 spell: Animate Dead
  2376 | D:2      | Noticed Natasha
  2387 | D:2      | Killed Natasha
  2869 | D:2      | Noticed Natasha
  2874 | D:2      | Killed Natasha
  2875 | D:2      | Reached XP level 5. HP: 49/49 MP: 5/9
  2964 | D:2      | Noticed Terence
  2973 | D:2      | Killed Terence
  2974 | D:2      | Reached skill level 1 in Maces & Flails
  3418 | D:2      | Noticed Natasha
  3428 | D:2      | Killed Natasha
  3805 | D:3      | Found Ucky's Assorted Antiques.
  3994 | D:3      | Reached XP level 6. HP: 54/61 MP: 11/11
  4309 | D:3      | Reached skill level 5 in Necromancy
  4836 | D:3      | HP: 3/61 [killer bee (7)]
  4837 | D:3      | HP: 1/61 [poisoned by a killer bee]
  4837 | D:3      | Slain by a killer bee

Illustrated notes

Levels and vault maps discovered:
D:1:      dpeg_arrival_prison, layout_loops_ring,
          shapermc_ecumenical_altar_mp_urbaneastern
D:2:      layout_basic, serial_rivers, chequers_serial_rivers_marsh,
          chequers_serial_rivers_small_3, chequers_serial_rivers_micro_a,
          chequers_serial_rivers_small_a, chequers_serial_rivers_room_a,
          chequers_serial_rivers_small_3, uniq_terence, uniq_natasha
D:3:      layout_loops_ring, serial_shops, shop
D:4:      layout_loops_corners, serial_shops, nicolae_shop_hallway_plus,
          uniq_blork_the_orc

Skill      XL: |  1  2  3  4  5  6 |
---------------+-------------------+-----
Dodging        | 2 3 |  3.0
Fighting       | 1 2 3 |  3.5
Necromancy     | 4 5 |  5.1
Spellcasting   | 3 |  3.8
Maces & Flails | 1 |  1.7
Stealth        | |  1.4

Action                   |  1- 3 |  4- 6 || total
-------------------------+-------+-------++-------
Melee: Unarmed           |    19 |       ||    19
       Flail             |     7 |    22 ||    29
       Mace              |       |   123 ||   123
 Cast: Pain              |    58 |       ||    58
       Vampiric Draining |       |    15 ||    15
 Stab: Sleeping          |       |     4 ||     4
Armor: Robe              |     8 |    62 ||    70
Dodge: Dodged            |    40 |    92 ||   132

Table legend: (Time is in decaauts)
 A = Elapsed time spent in this place.
 B = Non-inter-level travel time spent in this place.
 C = Inter-level travel time spent in this place.
 D = Time resting spent in this place.
 E = Time spent auto-exploring this place.
 F = Levels seen in this place.
 G = Mean time per level.
                   A        B        C        D        E       F      G
               +--------+--------+--------+--------+--------+-----+--------+
         Total |   4925 |   4896 |     29 |    935 |   3318 |   4 | 1231.2 |
       Dungeon |   4925 |   4896 |     29 |    935 |   3318 |   4 | 1231.2 |
               +--------+--------+--------+--------+--------+-----+--------+

Top non-repeatable levels by time:
     D:1: 2203 daAuts
     D:2: 1540 daAuts
     D:3: 1027 daAuts
     D:4: 154 daAuts
